[Event "ICC tourney 1953 (60 10)"]
[Site "Internet Chess Club"]
[Date "2020.08.09"]
[Round "7"]
[White "lmperatorX"]
[Black "goodFriday"]
[Result "1-0"]
[ICCResult "Black checkmated"]
[WhiteElo "2140"]
[BlackElo "2202"]
[Opening "Sicilian: Najdorf, Zagreb (fianchetto) variation"]
[ECO "B91"]
[NIC "SI.14"]
[Time "12:04:01"]
[TimeControl "3600+10"]

1. e4 c5 2. Nf3 d6 3. d4 cxd4 4. Nxd4 Nf6 5. Nc3 a6 6. g3 e5 7. Nde2 Be7 8.
Bg2 Be6 9. O-O h5 10. h3 Qd7 11. Kh2 h4 12. g4 g5 13. Nd5 Bxd5 14. exd5 b5
15. Be3 Ng8 16. Qd2 f6 17. a4 bxa4 18. Nc3 Qb7 19. Nxa4 Nd7 20. c4 Bd8 21.
c5 Nf8 22. cxd6 Nd7 23. Rae1 Nh6 24. f4 Nf7 25. fxg5 fxg5 26. Rxf7 Kxf7 27.
Rf1+ Kg6 28. Be4+ Kh6 29. Qf2 Rf8 30. Qxh4+ Kg7 31. Qh7# {Black checkmated}
1-0

[Event "ICC tourney 1953 (60 10)"]
[Site "Internet Chess Club"]
[Date "2020.08.09"]
[Round "7"]
[White "Oligarkh"]
[Black "superind"]
[Result "0-1"]
[ICCResult "White resigns"]
[WhiteElo "2604"]
[BlackElo "2563"]
[Opening "Sicilian: Najdorf, Zagreb (fianchetto) variation"]
[ECO "B91"]
[NIC "SI.14"]
[Time "12:04:00"]
[TimeControl "3600+10"]

1. e4 c5 2. Nf3 d6 3. d4 cxd4 4. Nxd4 Nf6 5. Nc3 a6 6. g3 e5 7. Nf5 d5 8.
Bg2 d4 9. Ne2 Nc6 10. O-O g6 11. Nh6 Ng4 12. Nxg4 Bxg4 13. h3 Be6 14. Bd2
Qd7 15. Kh2 f5 16. c3 d3 17. Nc1 O-O-O 18. Be3 Bc4 19. Nb3 Be7 20. Nd2 Be6
21. f4 exf4 22. gxf4 fxe4 23. Nxe4 Bf5 24. Qa4 Qc7 25. Rad1 Kb8 26. Ng3 Na5
27. Nxf5 gxf5 28. c4 Nxc4 29. Rc1 Nxe3 30. Rxc7 Nxf1+ 31. Bxf1 Kxc7 32. Bxd3
Rhg8 33. Qa5+ Kb8 34. Bxa6 Bd6 35. Kh1 Bxf4 36. Qa4 Be3 37. Be2 Rg1+ 38. Kh2
Rdg8 39. Bf3 Bb6 {White resigns} 0-1

[Event "ICC tourney 1953 (60 10)"]
[Site "Internet Chess Club"]
[Date "2020.08.09"]
[Round "7"]
[White "fredericton"]
[Black "LW-PE"]
[Result "1-0"]
[ICCResult "Black resigns"]
[WhiteElo "2212"]
[BlackElo "1545"]
[Opening "Sicilian: closed"]
[ECO "B23"]
[NIC "SI.44"]
[Time "12:04:42"]
[TimeControl "3600+10"]

1. e4 c5 2. Nc3 e6 3. g3 b6 4. Bg2 Bb7 5. d3 Nf6 6. Nh3 d5 7. O-O d4 8. Ne2
e5 9. f4 Bd6 10. Nf2 O-O 11. f5 Nbd7 12. g4 Be7 13. h4 h5 14. g5 Nh7 15. Ng3
g6 16. Nh3 Rc8 17. Bf3 Rc6 18. f6 Ndxf6 19. gxf6 Bxf6 20. Bd2 Bxh4 21. Kh2
Bc8 22. Rg1 Kh8 23. Bxh5 Qd7 24. Nf2 Rf6 25. Bf3 Ng5 26. Bxg5 Bxg5 27. Kg2
Bf4 28. Bg4 Qd8 29. Bxc8 Qxc8 30. Qg4 Be3 31. Qh4+ Kg7 32. Ng4 Qxg4 33. Qxg4
Rf2+ 34. Kh3 Rh8+ 35. Nh5+ {Black resigns} 1-0

[Event "ICC tourney 1953 (60 10)"]
[Site "Internet Chess Club"]
[Date "2020.08.09"]
[Round "7"]
[White "Aryangambit"]
[Black "esrosenberg"]
[Result "1-0"]
[ICCResult "Black resigns"]
[WhiteElo "2091"]
[BlackElo "2179"]
[Opening "Two knights defense"]
[ECO "C58"]
[NIC "KP.01"]
[Time "12:03:52"]
[TimeControl "3600+10"]

1. e4 e5 2. Nf3 Nc6 3. Bc4 Nf6 4. Ng5 d5 5. exd5 Na5 6. Bb5+ c6 7. dxc6 bxc6
8. Bd3 Nd5 9. Nf3 Bd6 10. O-O O-O 11. Re1 f5 12. Nxe5 Qf6 13. Nf3 g5 14. g3
f4 15. Nc3 fxg3 16. hxg3 Qxf3 17. Qxf3 Rxf3 18. Be4 Rf7 19. Nxd5 cxd5 20.
Bxd5 Bb7 21. Bxf7+ Kxf7 22. d4 Rg8 23. b3 Bb4 24. Re3 g4 25. a3 Bd6 26. c4
Bf3 27. Bd2 Nc6 28. Bc3 Rg5 29. b4 Rh5 30. Rxf3+ gxf3 31. Re1 Rf5 32. b5 Nd8
33. a4 Bxg3 34. a5 Bf4 35. Re4 Ne6 36. b6 axb6 37. axb6 Rg5+ 38. Kf1 Bh2 39.
Ke1 Rg1+ 40. Kd2 Rb1 41. c5 Bb8 42. Rh4 Kg6 43. Rg4+ Ng5 44. Kc2 Rb5 45. Kd3
Kf5 46. Rg1 Ne4 47. Kc4 Nxc3 48. Kxc3 h5 49. Kc4 Rb2 50. Rf1 Ke4 51. Kc3 Re2
52. c6 Kd5 53. c7 Re8 54. Rh1 Bxc7 55. Rxh5+ Kc6 56. bxc7 Rf8 57. Rc5+ Kd7
58. c8=Q+ Rxc8 59. Rxc8 Kxc8 60. Kd3 Kd7 61. Ke4 Kd6 62. Kxf3 Kd5 63. Ke3
Kd6 64. Ke4 Ke6 65. d5+ Kd6 66. f4 Kd7 67. f5 Kd6 68. f6 Kd7 69. Ke5 Ke8 70.
Ke6 Kf8 71. f7 Kg7 72. Ke7 {Black resigns} 1-0

[Event "ICC tourney 1953 (60 10)"]
[Site "Internet Chess Club"]
[Date "2020.08.09"]
[Round "7"]
[White "Murzin"]
[Black "tedchen"]
[Result "0-1"]
[ICCResult "White resigns"]
[WhiteElo "2425"]
[BlackElo "2309"]
[Opening "Sicilian: Canal-Sokolsky attack, Bronstein gambit"]
[ECO "B52"]
[NIC "SI.01"]
[Time "12:04:02"]
[TimeControl "3600+10"]

1. e4 c5 2. Nf3 d6 3. Bb5+ Bd7 4. Bxd7+ Qxd7 5. O-O Nc6 6. c3 Nf6 7. d4 Nxe4
8. d5 Ne5 9. Re1 Nxf3+ 10. Qxf3 Nf6 11. Na3 O-O-O 12. Nc4 Qg4 13. Qd3 g6 14.
Na5 Qf5 15. Qb5 Qd7 16. Qb3 Qc7 17. Nc4 Nxd5 18. Bg5 f6 19. Bh4 Nb6 20.
Nxb6+ Qxb6 21. Qe6+ Kb8 22. Bg3 h5 23. h4 g5 24. b4 gxh4 25. bxc5 Qxc5 26.
Bxh4 Rc8 27. Re4 Rc7 28. Rb1 b6 29. a4 Bh6 30. Bg3 Qxc3 31. Reb4 Qc5 32. Qa2
Qc2 33. Qe6 h4 34. Bxh4 Bd2 35. R4b2 Qg6 36. a5 Bxa5 37. Bg3 Qh7 38. Kf1
Qh1+ 39. Ke2 Qxg2 40. Ra2 Ka8 {White resigns} 0-1

[Event "ICC tourney 1953 (60 10)"]
[Site "Internet Chess Club"]
[Date "2020.08.09"]
[Round "7"]
[White "helavir"]
[Black "nithin"]
[Result "1-0"]
[ICCResult "Black resigns"]
[WhiteElo "2645"]
[BlackElo "2275"]
[Opening "Sicilian: Canal-Sokolsky (Nimzovich-Rossolimo, Moscow) attack"]
[ECO "B51"]
[NIC "SI.01"]
[Time "12:04:26"]
[TimeControl "3600+10"]

1. e4 c5 2. Nf3 d6 3. Bb5+ Nd7 4. c3 a6 5. Bd3 Ngf6 6. Bc2 e5 7. d4 Be7 8.
O-O O-O 9. Re1 b5 10. Nbd2 Bb7 11. Nf1 Re8 12. Ng3 cxd4 13. cxd4 exd4 14.
Nxd4 Bf8 15. Bg5 g6 16. Rc1 Bg7 17. Ndf5 gxf5 18. Nxf5 Ne5 19. Bb3 d5 20.
exd5 Bc8 21. Nxg7 Kxg7 22. Qd4 Ned7 23. Qh4 Rxe1+ 24. Rxe1 h5 25. Re3 a5 26.
Rg3 Kh8 27. Bh6 Qe8 28. Bg7+ Kh7 29. Bc2+ Kg8 30. Bxf6+ Kf8 31. Rg8+
{Black resigns}
1-0

[Event "ICC tourney 1953 (60 10)"]
[Site "Internet Chess Club"]
[Date "2020.08.09"]
[Round "7"]
[White "Kobalia"]
[Black "MasterZachary"]
[Result "1-0"]
[ICCResult "Black checkmated"]
[WhiteElo "2665"]
[BlackElo "2302"]
[Opening "Ruy Lopez: closed, Averbach variation"]
[ECO "C79"]
[NIC "RL.16"]
[Time "12:03:52"]
[TimeControl "3600+10"]

1. e4 e5 2. Nf3 Nc6 3. Bb5 a6 4. Ba4 d6 5. O-O Nf6 6. Re1 Be7 7. Bxc6+ bxc6
8. d4 exd4 9. Nxd4 Bd7 10. Nc3 O-O 11. Bf4 Rb8 12. b3 Re8 13. h3 Bf8 14. Qd3
c5 15. Nf3 Bb5 16. Nxb5 axb5 17. Rad1 b4 18. e5 dxe5 19. Qc4 Bd6 20. Bxe5
Ra8 21. Ng5 Rf8 22. Qf4 Rxa2 23. Bxd6 cxd6 24. Rxd6 Qb8 25. Rxf6 gxf6 26.
Qxf6 Ra7 27. Re4 Qd8 28. Qh6 f5 29. Re6 Rg7 30. h4 Qd1+ 31. Kh2 Qg4 32. f3
Qf4+ 33. Kh3 Qc1 34. Rd6 f4 35. Qe6+ Kh8 36. Kh2 Qxc2 37. Qe5 Qf2 38. Rh6
Kg8 39. Qe6+ Kh8 40. Qe4 Rf5 41. Qe8+ Rg8 42. Rxh7# {Black checkmated} 1-0

[Event "ICC tourney 1953 (60 10)"]
[Site "Internet Chess Club"]
[Date "2020.08.09"]
[Round "7"]
[White "londonkid"]
[Black "tangent"]
[Result "1-0"]
[ICCResult "Black resigns"]
[WhiteElo "2153"]
[BlackElo "2282"]
[Opening "Queen's Indian: Nimzovich variation (exaggerated fianchetto)"]
[ECO "E15"]
[NIC "QI.05"]
[Time "12:04:42"]
[TimeControl "3600+10"]

1. d4 Nf6 2. c4 e6 3. Nf3 b6 4. g3 Ba6 5. Qa4 c6 6. Nc3 d5 7. Ne5 Nfd7 8.
Nxc6 Nxc6 9. Qxa6 Nxd4 10. Qa4 dxc4 11. Bg2 Rc8 12. O-O Bc5 13. e3 Nf5 14.
Rd1 Nd6 15. e4 Ke7 16. Bf4 f6 17. Rd2 Ne5 18. Bxe5 fxe5 19. Rad1 a6 20. Kh1
Qe8 21. Qc2 b5 22. f4 Nf7 23. f5 exf5 24. exf5 Nd6 25. Rd5 Bd4 26. Ne2 Qh5
27. Nxd4 exd4 28. f6+ {Black resigns} 1-0

[Event "ICC tourney 1953 (60 10)"]
[Site "Internet Chess Club"]
[Date "2020.08.09"]
[Round "7"]
[White "milindm"]
[Black "pyaru536"]
[Result "1-0"]
[ICCResult "Black resigns"]
[WhiteElo "2229"]
[BlackElo "2121"]
[Opening "QGD: exchange, positional line, 6.Qc2"]
[ECO "D36"]
[NIC "QO.16"]
[Time "12:04:03"]
[TimeControl "3600+10"]

1. d4 d5 2. c4 e6 3. Nc3 Nf6 4. cxd5 exd5 5. Bg5 c6 6. Qc2 Be7 7. e3 Nbd7 8.
Bd3 Nf8 9. Nge2 Ne6 10. Bh4 g6 11. O-O O-O 12. f3 b6 13. Rad1 Bb7 14. Kh1
Rc8 15. Qb1 c5 16. Bc2 cxd4 17. Nxd4 Nxd4 18. Rxd4 Bc5 19. Rf4 Be7 20. Rd4
Bc5 21. Rdd1 Be7 22. Bb3 Nh5 23. Bxd5 Bxd5 24. Bxe7 Qxe7 25. Nxd5 Qh4 26.
Kg1 Rc5 27. Rd2 Nf6 28. Rd4 Qg5 29. f4 Qxd5 30. Rxd5 Rxd5 31. Rd1 Rc5 32. h3
Rfc8 33. Kh2 Kg7 34. Rd6 Ne8 35. Rd2 Nf6 36. Qd3 Rd5 37. Qe2 Rdc5 38. e4 Re8
39. e5 Nd5 40. Qe4 Nc7 41. Rd7 Kg8 42. Qf3 Rf8 43. f5 gxf5 44. Qxf5 Ne6 45.
Rd3 Re8 46. Rg3+ Kf8 47. Qxh7 Ke7 48. Qf5 Rf8 49. Qf6+ Kd7 50. h4 Rc4 51.
Rd3+ Kc7 52. Qe7+ Kb8 53. Rd7 Ra4 54. Qd6+ Ka8 55. Qc6+ {Black resigns} 1-0

[Event "ICC tourney 1953 (60 10)"]
[Site "Internet Chess Club"]
[Date "2020.08.09"]
[Round "7"]
[White "Segev"]
[Black "ozmin"]
[Result "0-1"]
[ICCResult "White resigns"]
[WhiteElo "2157"]
[BlackElo "2284"]
[Opening "QGD: Ragozin variation"]
[ECO "D38"]
[NIC "NI.27"]
[Time "12:04:09"]
[TimeControl "3600+10"]

1. d4 Nf6 2. c4 e6 3. Nf3 d5 4. Nc3 Bb4 5. Bg5 h6 6. Bh4 dxc4 7. e3 b5 8.
Be2 Bb7 9. O-O a6 10. a4 Nbd7 11. axb5 Bxc3 12. bxc3 axb5 13. Rb1 Bc6 14.
Bxf6 Qxf6 15. Nd2 O-O 16. e4 Ra2 17. f4 Qe7 18. Bf3 Qa3 19. Rc1 Qb2 20. d5
exd5 21. exd5 Bb7 22. Nxc4 bxc4 23. Rb1 Qxc3 24. Rxb7 Nc5 25. Rxc7 Nd3 26.
d6 Qd4+ 27. Kh1 Ra1 28. Qe2 Nxf4 29. Qd1 Rxd1 30. Rxd1 Nd3 {White resigns}
0-1

[Event "ICC tourney 1953 (60 10)"]
[Site "Internet Chess Club"]
[Date "2020.08.09"]
[Round "7"]
[White "Kalmyk"]
[Black "VerdeNotte"]
[Result "1-0"]
[ICCResult "Black resigns"]
[WhiteElo "2767"]
[BlackElo "2744"]
[Opening "Ruy Lopez: Möller defense"]
[ECO "C78"]
[NIC "RL.12"]
[Time "12:04:11"]
[TimeControl "3600+10"]

1. e4 e5 2. Nf3 Nc6 3. Bb5 a6 4. Ba4 Nf6 5. O-O Bc5 6. Bxc6 dxc6 7. d3 Qe7
8. Nbd2 a5 9. Nc4 Nd7 10. a4 b6 11. Be3 f6 12. Nfd2 Ba6 13. Kh1 O-O-O 14.
Bxc5 Nxc5 15. f4 exf4 16. Rxf4 Kb8 17. Qh5 Ne6 18. Rf2 Qc5 19. Qxc5 Nxc5 20.
e5 Rhe8 21. exf6 gxf6 22. b3 Re6 23. Raf1 Rde8 24. Kg1 Re2 25. h3 Bxc4 26.
Nxc4 Nd7 27. Nd2 f5 28. Nf3 c5 29. Rxe2 Rxe2 30. Rf2 Re8 31. Ng5 Re1+ 32.
Kh2 h5 33. Rxf5 Re2 34. Ne4 Rxc2 35. Rxh5 Rb2 36. h4 Rxb3 37. Rd5 Kc8 38. h5
c4 39. Rxd7 c3 40. Nxc3 Rxc3 41. Rd4 Rc6 42. g4 Rh6 43. Kg3 c6 44. Kh4 b5
45. g5 Rh8 46. g6 b4 47. Re4 b3 48. g7 Rd8 49. h6 Kc7 50. h7 b2 51. Re1 Rd4+
52. Kg5 Rd5+ 53. Kf4 Rd4+ 54. Ke3 Rd7 55. g8=Q Re7+ 56. Kd2 Rxe1 57. Qg3+
{Black resigns}
1-0

[Event "ICC tourney 1953 (60 10)"]
[Site "Internet Chess Club"]
[Date "2020.08.09"]
[Round "7"]
[White "SAO"]
[Black "olomi007"]
[Result "0-1"]
[ICCResult "White resigns"]
[WhiteElo "2583"]
[BlackElo "2685"]
[Opening "Grünfeld: 5.e3"]
[ECO "D94"]
[NIC "GI.09"]
[Time "12:04:00"]
[TimeControl "3600+10"]

1. d4 Nf6 2. c4 g6 3. Nc3 d5 4. Nf3 Bg7 5. e3 O-O 6. Be2 e6 7. O-O a6 8. b4
Re8 9. Bb2 b6 10. a4 Bb7 11. cxd5 Nxd5 12. Nxd5 Qxd5 13. Qc2 Nd7 14. Rfd1
Rac8 15. b5 a5 16. Rac1 Nf6 17. Ba3 Ne4 18. Bc4 Qh5 19. Bd3 Ng5 20. Nxg5
Qxg5 21. Be4 Bd5 22. Bxd5 exd5 23. Rd3 f5 24. g3 h5 25. Qc6 f4 26. exf4 Qf5
27. Qc2 Re4 28. Bd6 Bxd4 29. Qd1 Bb2 30. Rxc7 Rce8 31. Kg2 Re2 32. Rf3 Qe4
33. Be5 Bxe5 34. fxe5 Rf8 35. Qd3 Rxf2+ {White resigns} 0-1

[Event "ICC tourney 1953 (60 10)"]
[Site "Internet Chess Club"]
[Date "2020.08.09"]
[Round "7"]
[White "RajeshCS"]
[Black "rhungaski"]
[Result "0-1"]
[ICCResult "White resigns"]
[WhiteElo "2307"]
[BlackElo "2596"]
[Opening "English: Bremen, reverse dragon"]
[ECO "A22"]
[NIC "EO.10"]
[Time "12:04:10"]
[TimeControl "3600+10"]

1. c4 e5 2. Nc3 Nf6 3. g3 d5 4. cxd5 Nxd5 5. Bg2 Nb6 6. Nf3 Nc6 7. O-O Be7
8. d3 O-O 9. a3 Be6 10. b4 f6 11. Bb2 a5 12. b5 Nd4 13. a4 Bb3 14. Qc1 c6
15. Ba3 Bb4 16. Nxd4 Qxd4 17. bxc6 bxc6 18. Bxb4 axb4 19. a5 bxc3 20. axb6
Rab8 21. Ra6 c2 22. Qe3 Qc3 23. Rc1 Rf7 24. b7 Rc7 25. d4 exd4 26. Qxc3 dxc3
27. Bxc6 Rbxb7 28. Bxb7 Rxb7 29. f3 Rd7 30. Kf2 Rd1 31. Raa1 Kf7 32. h4 Ke6
33. e4 Kd6 34. Ke3 Kc5 35. g4 Kc4 36. g5 Rd3+ 37. Kf4 Kd4 38. Re1 Rd1 39.
gxf6 gxf6 40. Kg3 Kd3 41. Kf2 Rxa1 42. Rxa1 Kd2 43. e5 fxe5 {White resigns}
0-1

[Event "ICC tourney 1953 (60 10)"]
[Site "Internet Chess Club"]
[Date "2020.08.09"]
[Round "7"]
[White "NyzhnykIllia"]
[Black "JasonModer"]
[Result "0-1"]
[ICCResult "White resigns"]
[WhiteElo "2731"]
[BlackElo "2450"]
[Opening "English: three knights system"]
[ECO "A27"]
[NIC "EO.21"]
[Time "12:03:54"]
[TimeControl "3600+10"]

1. c4 e5 2. Nc3 Nc6 3. Nf3 Bb4 4. Qc2 a5 5. e3 d6 6. d4 Bg4 7. Be2 exd4 8.
Qe4+ Qe7 9. Qxg4 dxc3 10. O-O g6 11. a3 Bc5 12. bxc3 f5 13. Qh3 Nf6 14. Nd4
a4 15. Rb1 Na5 16. e4 Nxe4 17. Bh6 O-O-O 18. Bd3 Qd7 19. Rb5 Bb6 20. Rfb1
Rhe8 21. Qf3 Nb3 22. Bxe4 Rxe4 23. Be3 Rde8 24. Nxb3 axb3 25. R5xb3 Rxe3 26.
fxe3 Rxe3 27. Rxb6 Rxf3 28. Rxb7 Qc6 29. gxf3 Qxf3 30. R7b4 Qxc3 31. a4 f4
32. a5 Qa3 33. c5 Qe3+ 34. Kf1 f3 35. R1b2 Qxc5 36. Rb5 Qe3 37. h4 Kd7 38.
R5b3 Qc1+ 39. Kf2 Qh1 40. Kg3 Qe1+ 41. Kxf3 Qxa5 42. Re3 Qa4 43. Rh2 c5 44.
h5 g5 45. Re4 Qd1+ 46. Rhe2 Qh1+ 47. Kg3 Qxh5 48. Re7+ Kc6 49. Rh2 Qd1 50.
Rexh7 g4 51. Kh4 Qf3 52. Rg7 Qf4 {White resigns} 0-1

[Event "ICC tourney 1953 (60 10)"]
[Site "Internet Chess Club"]
[Date "2020.08.09"]
[Round "7"]
[White "Redbaron"]
[Black "FlyCatcher"]
[Result "0-1"]
[ICCResult "White resigns"]
[WhiteElo "2300"]
[BlackElo "2531"]
[Opening "QGA: Alekhine defense, Borisenko-Furman variation"]
[ECO "D21"]
[NIC "QG.05"]
[Time "12:04:02"]
[TimeControl "3600+10"]

1. d4 d5 2. c4 dxc4 3. Nf3 a6 4. e4 b5 5. b3 cxb3 6. Qxb3 e6 7. Bb2 Nf6 8.
Nbd2 Be7 9. a4 b4 10. Ne5 O-O 11. Bc4 c5 12. f4 cxd4 13. O-O Ra7 14. Rae1
Qc7 15. Rc1 Qa5 16. Kh1 Rc7 17. Bxd4 Nc6 18. Nxc6 Rxc6 19. e5 Nd7 20. f5
Nxe5 21. Qg3 f6 22. Bxe5 Qxe5 23. Bxe6+ Rxe6 24. fxe6 Bxe6 25. Qxe5 fxe5 26.
Rxf8+ Kxf8 27. Rc6 Bd5 28. Rxa6 e4 29. Ra5 Bc6 30. Rf5+ Bf6 31. Kg1 e3 32.
Nc4 b3 33. Nxe3 b2 34. Rf1 Be4 35. Ng4 b1=Q 36. Rxb1 Bd4+ 37. Kf1 Bxb1
{White resigns}
0-1

[Event "ICC tourney 1953 (60 10)"]
[Site "Internet Chess Club"]
[Date "2020.08.09"]
[Round "7"]
[White "edmehu"]
[Black "Falstaf"]
[Result "0-1"]
[ICCResult "White resigns"]
[WhiteElo "2274"]
[BlackElo "2684"]
[Opening "Sicilian"]
[ECO "B56"]
[NIC "SI.25"]
[Time "12:04:41"]
[TimeControl "3600+10"]

1. e4 c5 2. Nf3 d6 3. d4 cxd4 4. Nxd4 Nf6 5. Nc3 Nc6 6. g3 e6 7. Bg2 Bd7 8.
Ndb5 Qb8 9. Bf4 Ne5 10. a4 a6 11. Na3 Be7 12. O-O O-O 13. Qe2 Qc7 14. Rfd1
Rfc8 15. h3 Bc6 16. Bg5 h6 17. Be3 b6 18. Nc4 Nxc4 19. Qxc4 Qb7 20. Qd4 b5
21. axb5 axb5 22. b4 Ra6 23. Qd3 Rca8 24. Rxa6 Rxa6 25. Bf4 Ra3 26. Bc1 Ra1
27. Bb2 Ra8 28. Ra1 Rxa1+ 29. Bxa1 Nd7 30. Ne2 Ne5 31. Bxe5 dxe5 32. c3 f5
33. f3 g6 34. Kf2 h5 35. Kg1 Kf7 36. Kf1 Qa8 37. Kg1 Qa7+ 38. Kf1 f4 39. Qd2
fxg3 40. Nc1 Bg5 {White resigns} 0-1

[Event "ICC tourney 1953 (60 10)"]
[Site "Internet Chess Club"]
[Date "2020.08.09"]
[Round "7"]
[White "sathviks"]
[Black "tigeriz"]
[Result "1-0"]
[ICCResult "Black resigns"]
[WhiteElo "2224"]
[BlackElo "2369"]
[Opening "Ruy Lopez: closed, Pilnik variation"]
[ECO "C90"]
[NIC "RL.19"]
[Time "12:04:15"]
[TimeControl "3600+10"]

1. e4 e5 2. Nf3 Nc6 3. Bb5 a6 4. Ba4 Nf6 5. O-O Be7 6. Re1 b5 7. Bb3 d6 8.
c3 O-O 9. d3 Na5 10. Bc2 c5 11. Nbd2 Nc6 12. Nf1 h6 13. Ng3 Be6 14. h3 Qc7
15. Nh2 d5 16. Qf3 Rad8 17. Nf5 Bxf5 18. Qxf5 Rfe8 19. exd5 Nxd5 20. Ng4 Bf8
21. Bb3 Nce7 22. Qe4 f5 23. Qxe5 Qd7 24. Ne3 Ng6 25. Bxd5+ Qxd5 26. Qxd5+
Rxd5 27. Kf1 Rxd3 28. Nxf5 Red8 29. Be3 Kf7 30. Ke2 Ne5 31. Rad1 Ke6 32. Ng3
Rxd1 33. Rxd1 Rxd1 34. Kxd1 Nc4 35. b3 Nxe3+ 36. fxe3 c4 37. bxc4 bxc4 38.
Ke2 Ke5 39. Kf3 g5 40. e4 Ba3 41. Nf5 Bb2 42. Ne3 Bxc3 43. Nxc4+ Kd4 44. Ne3
h5 45. Nd5 Ba5 46. Nf6 h4 47. Kg4 Ke5 48. Nh7 Kxe4 49. Nxg5+ Kd3 50. Kxh4
Kc2 51. g4 Kb2 52. Ne6 Bb4 53. a4 Kb3 54. g5 Be7 55. a5 Kb4 56. Kg4 Kxa5 57.
g6 Bf6 58. Nc7 Kb6 59. Nd5+ {Black resigns} 1-0

[Event "ICC tourney 1953 (60 10)"]
[Site "Internet Chess Club"]
[Date "2020.08.09"]
[Round "7"]
[White "Ajitesh20091"]
[Black "PappusChain923"]
[Result "1/2-1/2"]
[ICCResult "Game drawn by repetition"]
[WhiteElo "1873"]
[BlackElo "2162"]
[Opening "Sicilian: Pelikan (Lasker/Sveshnikov) variation"]
[ECO "B33"]
[NIC "SI.35"]
[Time "12:05:14"]
[TimeControl "3600+10"]

1. e4 c5 2. Nf3 Nc6 3. d4 cxd4 4. Nxd4 Nf6 5. Nc3 e5 6. Ndb5 d6 7. Nd5 Nxd5
8. exd5 Nb8 9. Bd3 Be7 10. O-O O-O 11. c4 Nd7 12. Qc2 g6 13. f4 a6 14. Nc3
f5 15. fxe5 Nxe5 16. Be2 Qb6+ 17. Kh1 Bd7 18. a4 a5 19. Bf4 Bf6 20. Rae1
Rac8 21. Bh6 Rf7 22. Nb5 Bxb5 23. axb5 Qc5 24. Qa4 b6 25. Qb3 Re8 26. Bf4
Rfe7 27. Be3 Qc7 28. Bd2 Nd7 29. Bf3 Nc5 30. Rxe7 Qxe7 31. Qc2 Be5 32. Re1
Ne4 33. g3 Nc5 34. b3 Qf6 35. Bd1 Rf8 36. Rf1 Bd4 37. b4 axb4 38. Bxb4 Ra8
39. Be2 Qe5 40. Bxc5 Bxc5 41. Kg2 Re8 42. Bd3 h5 43. Qd2 Kg7 44. Rd1 h4 45.
gxh4 Qd4 46. Kh1 Re3 47. h5 Qg4 48. Rf1 Rf3 49. h6+ Kh7 50. Qe2 Rxf1+ 51.
Qxf1 Kxh6 52. Qc1+ f4 53. Be4 Be3 54. Qf1 Qh4 55. Qe2 Qf6 56. Qg4 Bc5 57.
Qh3+ Kg5 58. Qg2+ Kh4 59. h3 Kh5 60. Qg4+ Kh6 61. Kh2 Bf2 62. Qe2 Bg3+ 63.
Kg2 Qd4 64. Bd3 Bh4 65. Bb1 Qf6 66. Be4 Qc3 67. Bf3 Bf6 68. Qe4 Be5 69. Bg4
Qg3+ 70. Kf1 Qc3 71. Kg2 Qd2+ 72. Qe2 Qc1 73. Qd3 Bc3 74. Qd1 Qe3 75. Qf3
Qe5 76. Qd3 Bd4 77. h4 Bc5 78. Qe2 Qd4 79. Kf3 Qf6 80. Qe4 Be3 81. Qe8 Bg1
82. Qe2 Qxh4 83. Kxf4 Bd4 84. Kf3 Be5 85. Qe3+ Kh7 86. Qg1 Qf6+ 87. Ke2 Bd4
88. Qf1 Qe5+ 89. Kf3 Be3 90. Be6 Qf4+ 91. Kg2 Qg5+ 92. Kh3 Bf4 93. Qf2 Kg7
94. Qh4 Qxh4+ 95. Kxh4 Kf6 96. Kg4 Ke5 97. Kf3 g5 98. Bh3 Kd4 99. Bf1 Bc1
100. Be2 Kc3 101. Bf1 Bf4 102. Be2 Kd4 103. Bf1 Bd2 104. Be2 Ke5 105. Bf1
Kf5 106. Bd3+ Ke5 107. Bf1 Bf4 108. Bd3 Bc1 109. Bf1 Kd4 110. Be2 Kc3 111.
Bf1 Kd2 112. Kg4 Ke1 113. Bd3 Kf2 114. Kh3 Kf3 115. Bf1 g4+ 116. Kh2 g3+
117. Kh1 Kf2 118. Bg2 Bf4 119. Be4 Be5 120. Bg2 Ke2 121. Kg1 Bd4+ 122. Kh1
Bf2 123. Bh3 Kf3 124. Bg2+ Ke2 125. Bh3 Bc5 126. Kg2 Bf2 127. Bd7 Kd3 128.
Bc6 Kxc4 129. Kf1 Kd4 130. Kg2 Ke4 131. Bb7 Be1 132. Bc6 Bf2 133. Bb7 Kd4
134. Bc6 Kc4 135. Kf3 Be1 136. Kg2 Kc5 137. Kf3 Bf2 138. Kg2 Kd4 139. Bb7
Ke5 140. Bc6 Kf4 141. Bb7 Kg4 142. Bc6 Bd4 143. Bd7+ Kf4 144. Bc6 Be5 145.
Bb7 Ke3 146. Bc6 Kd3 147. Bb7 Kc3 148. Bc6 Kc4 149. Kf3 Kc5 150. Kg2 Kc4
151. Kf3 Kc5 152. Kg2 Kd4 153. Kf3 Kd3 154. Kg2 Ke4 155. Bb7 Bf4 156. Bc6
Ke5 157. Bb7 Kf5 158. Bc6 Kf6 159. Kf3 Be5 160. Kg2 Kg6 161. Kf3 Kh6 162.
Kg2 Kg6 163. Kf3 Kf5 164. Kg2 Kg4 165. Bb7 Bd4 166. Bc6 Be3 167. Bd7+ Kf4
168. Bc6 Bf2 169. Bb7 Ke3 170. Bc6 Ke2 171. Bb7 Kd2 172. Bc6 Kc2 173. Bb7
Kc3 174. Bc6 Kb3 175. Bb7 Kb2 176. Bc6 Kc2 177. Bb7 Kc3 178. Bc6 Kb3 179.
Kf3 Kc4 180. Kg2 Kc5 181. Kf3 Kb4 182. Kg2 Kc3 183. Kf3 Kd4 184. Kg2 Ke3
185. Bb7 Be1 186. Bc6 Kf4 187. Bb7 Ke4 188. Bc6 Kd4 189. Bb7 Kd3 190. Bc6
Kc3 191. Kf3 Kd3 192. Kg2 Ke2 193. Bb7 Bf2 194. Bc6 Ke3 195. Bb7 Kf4 196.
Bc6 Kg4 197. Bb7 Be3 198. Bc6 Bf4 199. Bb7 Kf5 200. Bc6 Ke5 201. Bb7 Kd4
202. Bc6 Be5 203. Kf3 Kc5 204. Kg2 Kc4 205. Kf3 Kc3 206. Kg2 Kb3 207. Kf3
Kc4 208. Kg2 Kb4 209. Kf3 Kc3 210. Kg2 Kd3 211. Kf3 Kc2 212. Kg2 Kd2 213.
Kf3 Kd3 214. Kg2 Kd2 215. Bb7 Kc3 216. Bc6 Kc4 217. Kf3 Kc5 218. Kg2 Kd4
219. Kf3 Kd3 220. Kg2 Kc4 221. Kf3 Kc5 222. Kg2 Kb4 223. Kf3 Kc3 224. Kg2
Kd2 225. Kf3 Ke1 226. Kg2 Ke2 227. Bb7 Ke3 228. Bc6 Ke4 229. Bb7 Kf5 230.
Bc6 Kf6 231. Bb7 Kg6 232. Bc6 Kg7 233. Bb7 Kf8 234. Bc6 Ke7 235. Bb7 Kd8
236. Bc6 Kc7 237. Ba8 Kc8 238. Bc6 Kd8 239. Kf3 Ke7 240. Kg2 Kf6 241. Kf3
Kg5 242. Kg2 Kf5 243. Kf3 Kf6 244. Kg2 Kg5 245. Kf3 Kf5 246. Kg2 Bf4 247.
Kf3 Ke5 248. Kg2 Kd4 249. Kf3 Be5 250. Kg2 Kc5 251. Kf3 Kc4 252. Kg2 Kc3
253. Kf3 Kd2 254. Kg2 Ke1 255. Bb7 Ke2 256. Bc6 Ke3 257. Bb7 Kd4 258. Bc6
Kc5 259. Kf3 Kc4 260. Kg2 Kb4 261. Kf3 Kc3 262. Kg2 Kb3 263. Kf3 Kc2 264.
Kg2 Kb2 265. Kf3 Kc1 266. Kg2 Kc2 267. Kf3 Kd1 268. Kg2 Kd2 269. Kf3 Kd1
270. Kg2 Ke1 271. Bb7 Ke2 272. Bc6 Ke3 273. Bb7 Ke4 274. Bc6 Kd3 275. Kf3
Kc3 276. Kg2 Kc2 277. Kf3 Kc3 278. Kg2 Kd2 279. Kf3 Kd3 280. Kg2 Kd2 281.
Kf3 Ke1 282. Kg2 Ke2 283. Bb7 Ke3 284. Bc6 Ke4 285. Bb7 Kf5 286. Bc6 Kg4
287. Bb7 Kf4 288. Bc6 Ke4 289. Bb7 Kd4 290. Bc6 Kc4 291. Kf3 Kc5 292. Kg2
Kb4 293. Kf3 Kc4 294. Kg2 Kb3 295. Kf3 Kc3 296. Kg2 Kb2 297. Kf3 Kc2 298.
Kg2 Kb1 299. Kf3 Kc1 300. Kg2 Kd1 301. Kf3 Ke1 302. Kg2 Kd2 303. Bb7 Kd3
304. Bc6 Kc4 305. Kf3 Kc5 306. Kg2 Kd4 307. Kf3 Kc4 308. Kg2 Kb3 309. Bb7
Kb2 310. Bc6 Kc1 311. Kf3 Kc2 312. Kg2 Kc3 313. Kf3 Kc4 314. Kg2 Kc5 315.
Kf3 Kc4 316. Kg2 Kd4 317. Kf3 Kc3 318. Kg2 Kc2 319. Kf3
{Game drawn by repetition}
1/2-1/2